Map: Golden Wall LE

Players

Massa

  • Race: Zerg Zerg
  • League: Gold
  • Spawn Location: 7:00

VOD

Have the link to the VOD?

Description

Time

  • Played on: July 28, 2020, 6:28 a.m.
  • Length: 7:26
Show
View Real Time Build Order
Export as new Build Order

Massa Zerg 

Build Orders:  

Get SALT Encoding   

  12  0:29  Spawning Pool  
  11  0:31  Drone  
  11  0:35  Drone  
  13  0:42  Drone  
  14  0:58  Overlord  
  14  1:38  Zergling x6  
  17  1:49  Queen  
  19  2:09  Zergling x2  
  20  2:11  Zergling x2  
  21  2:27  Overlord  
  21  2:50  Zergling x2  
  22  3:19  Zergling x2  
  22  3:20  Zergling x2  
  20  3:43  Zergling x2  
  20  3:44  Zergling x6  
  23  4:11  Hatchery  
  22  4:23  Overlord  
  22  4:33  Hatchery  
  21  4:50  Zergling x6  
  24  5:09  Queen  
  19  5:41  Extractor  
  19  5:46  Drone  
  19  5:47  Drone x4  
  23  6:14  Zergling x2  
  23  6:15  Zergling x10  
  29  6:33  Queen  
  31  6:52  Extractor  
  30  7:02  Zergling x2  
Tags
 
League
Gold
Matchup
Co-op
Replay Pack
Multiplayer
Add a new tag
Caveats
  • Supply blocks, unpowered buildings, or Contaminate may cause inaccurate times.
  • Supply counts are checked every 10 seconds.